 Dungeon Crawl Stone Soup version 0.30-a0-632-g346586fe48 (webtiles) character file.

Game seed: 12419263284550279215

24 kae the Insei (level 2, 0/21 HPs)
             Began as a Demonspawn Transmuter on Jan 13, 2023.
             Slain by a quokka (4 damage)
             ... on level 1 of the Dungeon.
             The game lasted 00:00:54 (704 turns).

kae the Insei (Demonspawn Transmuter)                Turns: 704, Time: 00:00:55

Health: 0/21       AC:  3    Str: 10    XL:     2   Next: 79%
Magic:  4/5        EV: 12    Int: 14    God:
Gold:   23         SH:  4    Dex: 13    Spells: 4/5 levels left

rFire   . . .      SeeInvis .      - Unarmed
rCold   . . .      Faith    .    (no shield)
rNeg    . . .      Spirit   .    a - +0 robe
rPois   .          Reflect  .    (helmet currently unavailable)
rElec   .          Harm     .    (no cloak)
rCorr   .          Rampage  .    h - +0 pair of gloves
Will    .....                    (boots currently unavailable)
Stlth   +                        (no amulet)
HPRegen 0.23/turn                (no ring)
MPRegen 0.09/turn                (no ring)

@: lethally poisoned (0 -> -3), appendages (expiring)
A: horns 2, talons 2, condensation shield
a: End Transformation


You were on level 1 of the Dungeon.
You had temporarily grown beastly horns and talons.
You visited 1 branch of the dungeon, and saw 2 of its levels.

You collected 23 gold pieces.


Innate Abilities, Weirdness & Mutations

You have temporarily grown beastly horns and talons.
A meltable shield of frost defends you. (SH +4)


   Skills:
 - Level 1.0 Fighting
 - Level 1.7 Dodging
 + Level 3.0 Unarmed Combat
 + Level 2.3 Spellcasting
 * Level 2.5 Transmutations


You had 4 spell levels left.
You knew the following spells:

 Your Spells              Type           Power      Damage    Failure   Level
a - Beastly Appendage     Tmut           16%        N/A       9%          1

Your spell library contained the following spells:

 Spells                   Type           Power      Damage    Failure   Level
 Wereblood                Tmut           8%         N/A       12%         2
 Spider Form              Tmut/Pois      5%         N/A       38%         3
 Ice Form                 Ice/Tmut       5%         N/A       80%         4

Inventory:

Missiles
 e - 5 stones
Armour
 a - a +0 robe (worn)
 h - a +0 pair of gloves (worn)
   (You found it on level 1 of the Dungeon)
Scrolls
 f - a scroll of enchant armour {unknown}
 g - a scroll of identify {unknown}
Potions
 b - a potion of lignification {!q}
 c - 2 potions of heal wounds {unknown}
 d - a potion of berserk rage {unknown}
 i - a potion of haste {unknown}

Dungeon Overview and Level Annotations

Branches:
Dungeon (2/15) Zot: 11298

Altars:

...##'....โŒ ..##.......# ##.>#
'###.........##.......######...#
.............................#.##
##.....โ€
.........................
###........####.......####....>..
.........######..รท...............
.................รท....###........
...#########.....................
..## #....@S..#####........ ###
#...r...## ######### # #.......# #
#.......# #.......# #.......#
#.......# #.......# #########


You could see an adder and a quokka.


Message History

You continue putting on your +0 pair of gloves. x4
You finish putting on your +0 pair of gloves. ๐Ÿ˜• HP[+1]
Okay, then.
You aren't carrying any pieces of jewellery.
Unknown command.
As you read the scroll labelled IPNOEKY ETAW, it crumbles to dust.
You feel strangely unstable.
It was a scroll of teleportation. ๐Ÿ˜• HP[+1]
The air fills with toxic fumes!
As you read the scroll labelled VUICKE LEBU, it crumbles to dust.
It was a scroll of poison.
You start resting.
Your surroundings suddenly seem different.
You see here a +0 whip.
You open the door.
There is an open door here.
You open the door.
There is an open door here.
You open the door.
There is an open door here.
There is an open door here.
Key pressed, stopping explore.
f - a scroll labelled XAACUG KOAVYO ๐Ÿ˜Ž HP[+2]
Your hp is fully restored (21).
g - a scroll labelled XANWEITZEP
There is a fountain of clear blue water here.
You open the door.
There is an open door here.
You open the door.
There is an open door here.
There is a staircase leading out of the dungeon here.
There is an open door here.
You open the door.
There is an open door here.
You see here a +0 club.
You see here a hobgoblin skeleton.
You see here a hobgoblin skeleton.
i - a cyan potion Done exploring.
(D) Dungeon
Where to? (Enter - D:2 @ (x,y), ? - help)
There is a stone staircase leading down here.
You climb downwards.
The adder hisses angrily. x2
There is a stone staircase leading up here.
There are monsters nearby!
Casting: Beastly Appendage (safe; 9% risk of failure)
Confirm with . or Enter, or press ? or * to list all spells.
You grow a pair of large bovine horns.
Your feet morph into talons.
The adder bites you.
You are poisoned.
The adder poisons you! ๐Ÿ˜• HP[-3] MP[-1]
You take 3 damage, and now have 18/21 hp.
You lost 1 mp, and now have 4/5 mp.
You feel sick. The adder barely misses you. The quokka misses you.
You climb upwards.
You feel sick.
There is a stone staircase leading down here. ๐Ÿ˜ฎ HP[-3]
You take 3 damage, and now have 15/21 hp.
You hit the adder.
You feel sick. The adder bites you.
You are more poisoned.
The adder poisons you! You block the quokka's attack.
You are too injured to fight recklessly! ๐Ÿ˜ฎ HP[-2]
You take 2 damage, and now have 13/21 hp.
You hit the adder but do no damage.
You feel sick. The adder bites you but does no damage. The quokka bites you.
* * * LOW HITPOINT WARNING * * *
The adder completely misses you. ๐Ÿ˜จ HP[-4]
You take 4 damage, and now have 9/21 hp.
You barely miss the adder. Your headbutt misses the adder.
You feel sick.
The quokka bites you but does no damage.
The adder bites you but does no damage. ๐Ÿ˜จ HP[-2]
You take 2 damage, and now have 7/21 hp.
Unknown command.
You barely miss the adder. You claw the adder. Your punch misses the adder.
Your transformation is almost over.
You feel sick.
The quokka bites you but does no damage.
The adder bites you.
* * * LOW HITPOINT WARNING * * *
๐Ÿ˜ฑ HP[-2]
You take 2 damage, and now have 5/21 hp.
You hit the adder.
* * * LOW HITPOINT WARNING * * *
You feel sick.
The quokka bites you but does no damage.
The adder misses you. ๐Ÿ˜ฑ HP[-1]
You take 1 damage, and now have 4/21 hp.
Unknown command.
You closely miss the adder. Your kick misses the adder.
You feel sick. The quokka bites you.
You die...

Skill      XL: |  1  2 |
---------------+-------+-----
Transmutations | 2 |  2.5
Unarmed Combat | 3 |  3.0
Fighting       | |  1.0
Dodging        | |  1.7
Spellcasting   | |  2.3

Action                   || total
-------------------------++-------
Melee: Unarmed           ||    52
       Kick              ||    14
       Headbutt          ||     5
 Cast: Beastly Appendage ||    13
  Use: Scroll            ||     2
Armor: Robe              ||    16
Dodge: Dodged            ||    35
Block: Other             ||     4

Levels and vault maps discovered:
D:1:      nicolae_arrival_somewhat_less_tricky_arrival, layout_rooms
D:2:      layout_rooms, hangedman_abyss_or_decor_stabs, minmay_strange_pillars

Notes
Turn   | Place    | Note
-------+----------+-------------------------------------------
     0 | D:1      | kae the Demonspawn Transmuter began the quest for the Orb.
     0 | D:1      | Reached XP level 1. HP: 15/15 MP: 3/3
     0 | D:1      | magus.rc [v1.11.3]
    76 | D:1      | You fall into a shaft and drop 1 floor!
   151 | D:1      | Reached skill level 2 in Transmutations
   199 | D:1      | Gained mutation: A meltable shield of frost defends you.
                  | (SH +4) [demonic ancestry]
   199 | D:1      | Reached XP level 2. HP: 20/21 MP: 3/5
   439 | D:1      | Reached skill level 3 in Unarmed Combat
   702 | D:1      | HP: 5/21 [adder (1)]
   704 | D:1      | Slain by a quokka

Vanquished Creatures
  A dart slug (D:1)
  2 endoplasms (D:1)
  4 goblins
  4 hobgoblins (D:1)
  A quokka (D:1)
  A ball python (D:2)
  3 bats (D:1)
  A frilled lizard (D:2)
  2 kobolds (D:1)
  2 rats (D:1)
21 creatures vanquished.

Table legend:
 A = Non-vault XP
 B = Vault XP
 C = Vault XP percentage of total XP
 D = Non-vault monster count
 E = Vault monster count
 F = Vault count percentage of total count
                 A         B        C        D         E       F
            +---------+---------+-------+---------+---------+-------
      Total |      35 |       0 |   0.0 |      21 |       0 |   0.0
            +---------+---------+-------+---------+---------+-------
        D:1 |      31 |       0 |   0.0 |      18 |       0 |   0.0
        D:2 |       4 |       0 |   0.0 |       3 |       0 |   0.0
            +---------+---------+-------+---------+---------+-------

Illustrated notes

Table legend:
 A = Kills in this place as a percentage of kills in entire the game.
 B = Kills by you in this place as a percentage of kills by you in the entire game.
 C = Kills by friends in this place as a percentage of kills by friends in the entire game.
 D = Other kills in this place as a percentage of other kills in the entire game.
 E = Experience gained in this place as a percentage of experience gained in the entire game.
 F = Experience gained in this place divided by the number of levels of this place that you have seen.
                   A       B       C       D       E      F
               +-------+-------+-------+-------+-------+----------------------
         Total | 100.0 | 100.0 |   N/A |   N/A | 100.0 |  17.5
       Dungeon | 100.0 | 100.0 |   N/A |   N/A | 100.0 |  17.5
               +-------+-------+-------+-------+-------+----------------------

Table legend: (Time is in decaauts)
 A = Elapsed time spent in this place.
 B = Non-inter-level travel time spent in this place.
 C = Inter-level travel time spent in this place.
 D = Time resting spent in this place.
 E = Time spent auto-exploring this place.
 F = Levels seen in this place.
 G = Mean time per level.
                   A        B        C        D        E       F      G
               +--------+--------+--------+--------+--------+-----+--------+
         Total |    700 |    674 |     26 |      0 |    515 |   2 |  350.0 |
       Dungeon |    700 |    674 |     26 |      0 |    515 |   2 |  350.0 |
               +--------+--------+--------+--------+--------+-----+--------+

Top non-repeatable levels by time:
     D:1: 630 daAuts
     D:2: 70 daAuts
